 Dungeon Crawl Stone Soup version 0.28.0-53-g5a82cb258f (webtiles) character file.

Game seed: 7067185507176015556

155 tizbic2 the Magician (level 5, -1/40 HPs)
             Began as a Djinni Necromancer on Aug 4, 2022.
             Was an Initiate of Gozag.
             Slain by a wyvern (18 damage)
             ... on level 4 of the Dungeon.
             The game lasted 00:12:33 (4821 turns).

tizbic2 the Magician (Djinni Necromancer)           Turns: 4821, Time: 00:12:33

Health: -1/40      AC:  2    Str:  7    XL:     5   Next: 63%
Gold:   93         EV: 12    Int: 19    God:    Gozag SH:  0 Dex: 13

rFire   + + .      SeeInvis .   g - +0 dagger
rCold   x . .      Faith    .   (no shield)
rNeg    . . .      Spirit   .   c - +0 robe
rPois   ∞          Reflect  .   (helmet currently unavailable)
rElec   .          Harm     .   (no cloak)
rCorr   .          Rampage  .   (no gloves)
Will    .....                   (boots unavailable)
Stlth   ++........              (no amulet)
HPRegen 0.13/turn               (no ring)
MPRegen 0.00/turn               (no ring)

@: appendages, gold aura, flying
A: horns 2, flying, sickness immunity, fire resistance 2, cold vulnerability 1,
float, innate caster, HP casting, extra vitality 1
a: End Transformation, Renounce Religion, Potion Petition, Call Merchant, Bribe
Branch


You were on level 4 of the Dungeon.
You worshipped Gozag.
Gozag was noncommittal.
You had temporarily grown beastly horns.
You visited 1 branch of the dungeon, and saw 4 of its levels.

You collected 93 gold pieces.

Inventory:

Hand Weapons
 g - a +0 dagger (weapon)
Missiles
 b - 11 arrows
 i - 17 stones (quivered)
Armour
 c - a +0 robe (worn)
 f - a +0 scale mail
Scrolls
 a - 2 scrolls of acquirement {unknown}
 e - 4 scrolls of identify {unknown}
 k - a scroll of blinking {unknown}
 m - 3 scrolls of teleportation {unknown}
 n - a scroll of magic mapping {unknown}
Potions
 d - 3 potions of might {unknown}
 h - 2 potions of curing {unknown}
 j - a potion of flight {unknown}
 l - a potion of berserk rage {unknown}
 o - a potion of brilliance {unknown}


   Skills:
 * Level 3.5 Fighting
 - Level 2.1 Dodging
 - Level 1.5 Stealth
 + Level 1.8 Unarmed Combat
 + Level 3.8 Spellcasting


You couldn't memorise any spells.
You knew the following spells:

 Your Spells              Type           Power      Damage    Failure   Level
a - Pain                  Necr           72%        1d7       3%          1
b - Animate Skeleton      Necr           36%        N/A       3%          1
c - Vampiric Draining     Necr           18%        2d7       9%          3
d - Animate Dead          Necr           9%         N/A       28%         4
e - Agony                 Necr           18%        N/A       63%         5
f - Beastly Appendage     Tmut           36%        N/A       3%          1
g - Static Discharge      Conj/Air       18%        N/A       4%          2
Your spell library was empty.

Dungeon Overview and Level Annotations

Branches:
Dungeon (4/15)
 Temple: D:4-7

Altars:
Gozag
Hepliaklqana
Sif Muna

Shops:
D:1 :


Innate Abilities, Weirdness & Mutations

You have temporarily grown beastly horns.
You are flying.
You are immune to sickness and miasma.
You are immune to poison.
Your flesh is very heat resistant. (rF++)
You are vulnerable to cold. (rC-)
You float through the air rather than walking.
You learn spells naturally, not from books.
Your magical power is your life essence.
You have superior vitality. (+4 MHP)


Message History

Confirm with . or Enter, or press ? or * to list all spells.
Aiming: Vampiric Draining (dangerous; 9% risk of failure)
Press: ? - help, Shift-Dir - straight line, f/p - iguana
Aim: an iguana (severely wounded)
You draw life force from the iguana.
You kill the iguana!
You feel life coursing into your body.
The orc is distracted by your dazzling golden aura.
Casting: Vampiric Draining (dangerous; 9% risk of failure)
Confirm with . or Enter, or press ? or * to list all spells.
You grow a pair of large bovine horns.
The orc shouts!
You hear an angry hiss.
The goblin shoots a stone.
The stone hits you.
The goblin shoots a stone.
The stone completely misses you.
A wyvern comes into view.
There is a stone staircase leading up here.
The goblin unwields a +0 vorpal hunting sling.
The goblin wields a +0 dagger.
The goblin completely misses you.
Casting: Beastly Appendage (safe; 3% risk of failure)
Confirm with . or Enter, or press ? or * to list all spells.
The orc is struck by an arc of lightning.
The orc is no longer distracted by gold.
The orc is heavily wounded.
The goblin is struck by an arc of lightning.
You kill the goblin!
The lightning grounds out.
The wyvern hisses angrily.
The orc hits you with a +0 hand axe.
Casting: Static Discharge (safe; 4% risk of failure)
Confirm with . or Enter, or press ? or * to list all spells.
Aiming: Vampiric Draining (dangerous; 9% risk of failure)
Press: ? - help, Shift-Dir - straight line, f - orc
Aim: an orc, wielding a +0 hand axe (heavily wounded)
You draw life force from the orc!
You kill the orc!
You feel life coursing into your body.
There is a stone staircase leading up here.
You hit the wyvern but do no damage. The wyvern bites you!!
You die...
Your body crumbles into a pile of gold.

.... ##....#
....####...#..#
...............
.......!.....##
...............
.......$$......
#.........
##l..(.....
#.@........
#..$........
.....#........
##....#........
#.#.##........
..... .........
......
....#####
.##... .###


You could see a wyvern.

Vanquished Creatures
  A howler monkey (D:3)
  An iguana (D:4)
  2 adders
  4 worms
  4 dart slugs
  An orc (D:4)
  3 ball pythons
  6 endoplasms
  A giant cockroach (D:3)
  3 goblins
  3 hobgoblins
  3 jackals (D:3)
  5 quokkas
  6 bats
  3 frilled lizards
  A kobold (D:2)
  6 rats
  A spectral hobgoblin (D:1)
54 creatures vanquished.

Vanquished Creatures (others)
  6 plants (D:3)
6 creatures vanquished.

Grand Total: 60 creatures vanquished

Notes
Turn   | Place    | Note
-------+----------+-------------------------------------------
     0 | D:1      | tizbic2 the Djinni Necromancer began the quest for the Orb.
     0 | D:1      | Reached XP level 1. HP: 15/15 MP: 0/0
   232 | D:1      | Reached skill level 1 in Fighting
   236 | D:1      | Reached XP level 2. HP: 4/22 MP: 0/0
  1074 | D:1      | Found Effa's Book Shoppe.
  1658 | D:1      | Found a faded altar of an unknown god.
  2017 | D:1      | Reached XP level 3. HP: 16/28 MP: 0/0
  2017 | D:1      | Learned a level 1 spell: Beastly Appendage
  3152 | D:2      | Reached XP level 4. HP: 23/34 MP: 0/0
  3896 | D:3      | Reached skill level 1 in Unarmed Combat
  4053 | D:3      | Reached XP level 5. HP: 35/40 MP: 0/0
  4053 | D:3      | Learned a level 2 spell: Static Discharge
  4296 | D:3      | Found a faded altar of an unknown god.
  4296 | D:3      | Found a faded altar of an unknown god.
  4298 | D:3      | Found a hazy altar of Hepliaklqana.
  4451 | D:3      | Prayed at the altar of an unknown god.
  4451 | D:3      | Became a worshipper of Gozag Ym Sagoz the Greedy
  4814 | D:4      | Noticed a wyvern
  4821 | D:4      | Slain by a wyvern

Illustrated notes

Levels and vault maps discovered:
D:1:      psy_arrival_fountain, layout_basic,
          dreamdust_ecumenical_altar_drowned_temple, serial_shops, shop,
          chequers_serial_rivers_small_3, st_stairs_11
D:2:      layout_basic, basic_altar
D:3:      layout_basic, nicolae_hepliaklqana_ecumenical_no_more
D:4:      layout_rooms, old_standard_altar, uniq_edmund

Skill      XL: |  1  2  3  4 |
---------------+-------------+-----
Fighting       | 1 2 3 |  3.5
Unarmed Combat | 1 |  1.8
Dodging        | |  2.1
Stealth        | |  1.5
Spellcasting   | |  3.8

Action                   |  1- 3 |  4- 6 || total
-------------------------+-------+-------++-------
Melee: Unarmed           |    60 |       ||    60
       Dagger            |    13 |    45 ||    58
       Headbutt          |     4 |       ||     4
       Punch             |     1 |     2 ||     3
Throw: Stone             |    10 |    10 ||    20
 Cast: Pain              |    40 |    17 ||    57
       Vampiric Draining |     8 |    18 ||    26
       Beastly Appendage |     6 |     1 ||     7
       Static Discharge  |       |     4 ||     4
 Stab: Distracted        |       |     1 ||     1
Armor: Robe              |    12 |    23 ||    35
Dodge: Dodged            |    64 |    41 ||   105
